 Dungeon Crawl Stone Soup version 0.23.2-11-gf996548 (webtiles) character file.

Game seed: 12576190268577650231

481 Fang the Skirmisher (level 7, -2/44 HPs)
             Began as a Gargoyle Berserker on June 6, 2019.
             Was a Believer of Trog.
             Slain by a sky beast (4 damage)
             ... on level 5 of the Dungeon.
             The game lasted 00:03:38 (4366 turns).

Fang the Skirmisher (Gargoyle Berserker)            Turns: 4366, Time: 00:03:38

Health: -2/44      AC: 10    Str: 22    XL:     7   Next: 12%
Magic:  7/7        EV: 13    Int:  8    God:    Trog [**....]
Gold:   152        SH:  3    Dex:  9    Spells: 6/6 levels left

rFire    . . .     SeeInvis .   a - +0 hand axe
rCold    . . .     Gourm    .   (no shield)
rNeg     + . .     Faith    .   b - +0 animal skin
rPois    ∞         Spirit   .   (no helmet)
rElec    +         Reflect  +   (no cloak)
rCorr    .         Harm     .   k - +2 pair of gloves
MR       .....                  (no boots)
Stlth    +.........             m - +3 amulet of reflection
HPRegen  0.14/turn              u - ring of ice
MPRegen  0.10/turn              l - ring of fire

@: no status effects
A: negative energy resistance 1, electricity resistance, unbreathing,
petrification resistance, rot immunity, AC +4
a: Berserk, Trog's Hand, Renounce Religion


You were on level 5 of the Dungeon.
You worshipped Trog.
Trog was pleased with you.
You were very hungry.

You visited 1 branch of the dungeon, and saw 5 of its levels.
You also visited: Sewer.

You collected 152 gold pieces.

Inventory:

Hand Weapons
 a - a +0 hand axe (weapon)
Armour
 b - a +0 animal skin (worn)
 k - a +2 pair of gloves (worn)
Jewellery
 l - a ring of fire (right hand)
 m - a +3 amulet of reflection (around neck)
 u - a ring of ice (left hand)
Scrolls
 f - a scroll of immolation {unknown}
 h - a scroll of enchant armour {unknown}
 i - a scroll of blinking {unknown}
 n - a scroll of identify {unknown}
 o - 3 scrolls of fear {unknown}
 p - a scroll of amnesia {unknown}
 q - a scroll of magic mapping {unknown}
 s - 3 scrolls of teleportation {unknown}
 t - a scroll of fog {unknown}
 v - a scroll of random uselessness {unknown}
 w - a scroll of enchant weapon {unknown}
Potions
 d - 6 potions of heal wounds {unknown}
 e - 3 potions of mutation {unknown}
 g - a potion of curing {unknown}
 j - 2 potions of haste {unknown}
 r - 2 potions of magic {unknown}
Comestibles
 c - 6 rations


   Skills:
 + Level 5.1 Fighting
 + Level 4.2 Axes
 + Level 4.5 Armour
 + Level 3.3 Dodging


You had 6 spell levels left.
You didn't know any spells.
Your spell library was empty.

Dungeon Overview and Level Annotations

Branches:
Dungeon (5/15)
 Temple: D:4-7

Altars:
Nemelex Xobeh
Qazlal


Innate Abilities, Weirdness & Mutations

You are resistant to torment.
Your stone body is resilient. (AC +4)
You are immune to poison.
You resist negative energy. (rN+)
You are resistant to electric shocks. (rElec)
You can survive without breathing.
You are immune to petrification.
You are immune to rotting.


Message History

You miss something. You block something's attack.
You closely miss something. Something hits you.
* * * LOW HITPOINT WARNING * * *
Something shocks you. You resist.
* * * LOW HITPOINT WARNING * * *
You closely miss something. Something hits you but does no damage.
You hit something but do no damage. Something hits you.
* * * LOW HITPOINT WARNING * * *
Something shocks you. You resist.
* * * LOW HITPOINT WARNING * * *
You barely miss something. Something hits you but does no damage.
You hit something. Something hits you but does no damage.
You miss something. You block something's attack.
A sky beast appears from thin air!
Reactivating autopickup.
The sky beast hits you but does no damage.
You completely miss the sky beast.
The sky beast is severely wounded.
The sky beast hits you.
You die...

...........##
#............
...##...#........
.........#........
................?.
..................
.................###
........#Y@.....##.##
.........)#.........#
.......%..##........
..........#........#
...................##
.#...##.............##
.........##..........##
##............##......##
.#.)..........##......†#


You could see a sky beast.

Vanquished Creatures
  3 scorpions
  A jelly (D:5)
  3 orc wizards
  2 worker ants (D:4)
  A worker ant zombie (D:5)
  5 adders
  A shadow imp (D:5)
  An ooze (D:2)
  A worm (D:4)
  3 dart slugs (D:1)
  8 leopard geckos
  6 orcs
  5 giant cockroaches
  5 hobgoblins
  10 jackals
  11 kobolds
  A quokka (D:4)
  4 ball pythons
  4 bats
  6 frilled lizards
  8 goblins
  A jackal skeleton (D:4)
  5 rats
  4 plants (Sewer)
99 creatures vanquished.

Notes
Turn   | Place    | Note
-------+----------+-------------------------------------------
     0 | D:1      | Fang the Gargoyle Berserker began the quest for the Orb.
     0 | D:1      | Reached XP level 1. HP: 14/14 MP: 1/1
    77 | D:1      | Reached XP level 2. HP: 9/19 MP: 2/2
   682 | D:1      | Reached XP level 3. HP: 23/23 MP: 3/3
  1547 | D:2      | Reached XP level 4. HP: 14/29 MP: 4/4
  2314 | D:3      | Reached skill level 4 in Fighting
  2314 | D:3      | Reached ** piety under Trog
  2487 | D:3      | Reached XP level 5. HP: 33/33 MP: 5/5
  2490 | D:3      | You fall through a shaft!
  2589 | D:4      | Found a glowing drain.
  2632 | Sewer    | Entered a sewer
  3371 | D:4      | Reached XP level 6. HP: 17/39 MP: 6/6
  3986 | D:4      | Found a sparkling altar of Nemelex Xobeh.
  3986 | D:4      | Found a stormy altar of Qazlal.
  4184 | D:5      | Entered Level 5 of the Dungeon
  4312 | D:5      | Reached skill level 5 in Fighting
  4312 | D:5      | Reached XP level 7. HP: 39/44 MP: 7/7
  4362 | D:5      | HP: 2/44 [something (4)]
  4366 | D:5      | Slain by a sky beast

Skill      XL: |  1  2  3  4  5  6 |
---------------+-------------------+-----
Axes           | 3 4 |  4.2
Dodging        | 2 3 |  3.3
Armour         | 3 4 |  4.5
Fighting       | 4 5 |  5.1

Action                   |  1- 3 |  4- 6 |  7- 9 || total
-------------------------+-------+-------+-------++-------
Melee: Hand axe          |   126 |   364 |    54 ||   544
Invok: Berserk           |     1 |       |       ||     1
 Stab: Sleeping          |       |     1 |       ||     1
  Eat: Chunk             |     2 |    10 |       ||    12
Armor: Animal skin       |    62 |   108 |    26 ||   196
Dodge: Dodged            |    86 |   192 |    32 ||   310
Block: Other             |       |    39 |     3 ||    42
